 Dungeon Crawl Stone Soup version 0.29.1-2-gbd0b4ee654 (webtiles) character file.

Game seed: 7015256453162721299

34 croobank the Insei (level 3, -2/23 HPs)
             Began as an Octopode Transmuter on Nov 19, 2022.
             Frozen to death by an endoplasm (5 damage)
             ... on level 1 of the Dungeon.
             The game lasted 00:03:08 (2028 turns).

croobank the Insei (Octopode Transmuter)            Turns: 2028, Time: 00:03:09

Health: -2/23      AC:  1    Str:  9    XL:     3   Next: 31%
Magic:  4/6        EV: 13    Int: 17    God:
Gold:   53         SH:  0    Dex: 12    Spells: 0/6 levels left

rFire   . . .      SeeInvis +     - Unarmed
rCold   . . .      Faith    .   (no shield)
rNeg    . . .      Spirit   .   (helmet currently unavailable)
rPois   .          Reflect  .   (no amulet)
rElec   .          Harm     .   f - ring of see invisible
rCorr   .          Rampage  .   (no ring)
Will    .....                   (no ring)
Stlth   ++........              (no ring)
HPRegen 0.07/turn               (no ring)
MPRegen 0.10/turn               (no ring)
                                (no ring)
                                (no ring)

@: appendages
A: tentacle spike 3, almost no armour, amphibious, 8 rings, camouflage 1,
gelatinous body 1, (nimble swimmer 1), tentacles
a: End Transformation


You were on level 1 of the Dungeon.
One of your tentacles had grown a beastly spike.
You visited 1 branch of the dungeon, and saw 2 of its levels.

You collected 53 gold pieces.

Inventory:

Jewellery
 f - a ring of see invisible (left tentacle)
Scrolls
 c - a scroll of acquirement {unknown}
 d - 2 scrolls of vulnerability {unknown}
 h - a scroll of blinking {unknown}
Potions
 a - a potion of lignification
 b - a potion of curing {unknown}
 e - a potion of mutation {unknown}
 g - a potion of might {unknown}


   Skills:
 + Level 1.5 Fighting
 + Level 2.3 Dodging
 + Level 3.2 Unarmed Combat
 + Level 2.3 Spellcasting
 + Level 2.3 Transmutations
 + Level 0.0 Poison Magic


You couldn't memorise any spells.
You knew the following spells:

 Your Spells              Type           Power      Damage    Failure   Level
a - Beastly Appendage     Tmut           20%        N/A       7%          1
b - Wereblood             Tmut           10%        N/A       11%         2
c - Spider Form           Tmut/Pois      6%         N/A       34%         3

Your spell library contained the following spells:

 Spells                   Type           Power      Damage    Failure   Level
 Ice Form                 Ice/Tmut       6%         N/A       75%         4


Dungeon Overview and Level Annotations

Branches:
Dungeon (2/15)

Altars:


Innate Abilities, Weirdness & Mutations

One of your tentacles has grown a beastly spike.
You cannot wear most types of armour.
You are amphibious.
You can wear up to eight rings at the same time.
Your skin changes colour to match your surroundings (Stealth+).
Your rubbery body absorbs attacks. (AC +1, EV +1)
((You are camouflaged when in or above water. (Stealth+)))
You have tentacles for arms and can constrict up to eight enemies at once.


Message History

Confirm with . or Enter, or press ? or * to list all spells.
You miscast Wereblood.
You are very lightly contaminated with residual magic.
Nothing appears to happen.
You closely miss the quokka. Your grab misses the quokka.
Your tentacle spike misses the quokka.
The quokka misses you.
You closely miss the quokka. Your grab misses the quokka.
The quokka misses you.
You barely miss the quokka. Your grab misses the quokka.
You pierce the quokka, but do no damage.
Your squeeze misses the quokka. The quokka bites you.
You closely miss the quokka. Your grab misses the quokka.
You squeeze the quokka.
The quokka is moderately wounded.
The quokka barely misses you. The quokka bites you.
You closely miss the quokka. You grab the quokka.
You tentacle-slap the quokka, but do no damage.
The quokka is moderately wounded.
You constrict the quokka. The endoplasm hits you. The quokka bites you.
You are too injured to fight recklessly!
You are too injured to fight recklessly!
You release your grip on the quokka.
The endoplasm hits you but does no damage.
The quokka bites you.
* * * LOW HITPOINT WARNING * * *
You climb upwards.
Your magical contamination has completely faded away.
There is a stone staircase leading down here.
You tentacle-slap the quokka. You grab the quokka.
You pierce the quokka.
You kill the quokka!
The endoplasm hits you.
* * * LOW HITPOINT WARNING * * *
You tentacle-slap the endoplasm but do no damage.
The endoplasm hits you.
* * * LOW HITPOINT WARNING * * *
You tentacle-slap the endoplasm.
The endoplasm is moderately wounded.
The endoplasm freezes you.
You are frozen.
You die...

.............#
#.#########
.............# #.#
.............# #######.#
....##.......# #.......#
####.........###.#######
.................#
############.....#
...............†J#
.############.##@# .#
#.#### .# #.#
.############.#
.......[......#
############..#
..........##..#
.########.##..##########
.#......#.##...........#


You could see an endoplasm.

Vanquished Creatures
  A dart slug (D:1)
  3 endoplasms (D:1)
  A hobgoblin (D:1)
  3 jackals (D:1)
  4 kobolds (D:1)
  2 quokkas (D:1)
  6 ball pythons (D:1)
  3 bats (D:1)
  4 goblins (D:1)
  A rat (D:1)
28 creatures vanquished.

Notes
Turn   | Place    | Note
-------+----------+-------------------------------------------
     0 | D:1      | croobank the Octopode Transmuter began the quest for the
                  | Orb.
     0 | D:1      | Reached XP level 1. HP: 13/13 MP: 3/3
   275 | D:1      | Reached XP level 2. HP: 11/18 MP: 3/5
   280 | D:1      | Learned a level 2 spell: Wereblood
  1132 | D:1      | Reached XP level 3. HP: 23/23 MP: 2/6
  1584 | D:1      | Learned a level 3 spell: Spider Form
  2028 | D:1      | Frozen to death by an endoplasm

Illustrated notes

Levels and vault maps discovered:
D:1:      dpeg_arrival_solitude, layout_basic, st_stairs_10,
          minmay_shallow_snake_nest
D:2:      layout_rooms, hex_medium, patterned_corridor

Action                   || total
-------------------------++-------
Melee: Unarmed           ||    76
       Kick              ||    20
       Constrict         ||    21
       Tentacles         ||    11
       Punch             ||     2
 Cast: Beastly Appendage ||    16
       Wereblood         ||     3
 Stab: Sleeping          ||     2
Armor: Skin              ||     4
Dodge: Dodged            ||    51
